 Dungeon Crawl Stone Soup version 0.27.1-33-g824d729ab1 (webtiles) character file.

Game seed: 7747176624352821300

5144 pkoi the Grappler (level 10, -3/73 HPs)
             Began as a Black Draconian Gladiator on Dec 2, 2021.
             Was an Initiate of Gozag.
             Slain by an orc knight (11 damage)
             ... in a bailey.
             The game lasted 00:12:51 (7657 turns).

pkoi the Grappler (Black Draconian Gladiator)       Turns: 7657, Time: 00:12:51

Health: -3/73      AC: 11    Str: 18    XL:     10   Next: 33%
Magic:  16/16      EV: 12    Int: 11    God:    Gozag
Gold:   612        SH:  0    Dex: 12    Spells: 11/17 levels left

rFire    + . .     SeeInvis .     - Unarmed
rCold    + . .     Faith    .   (no shield)
rNeg     . . .     Spirit   .   (armour unavailable)
rPois    +         Reflect  .   a - +1 hat
rElec    +         Harm     .   n - +1 cloak
rCorr    +         Rampage  .   c - +0 pair of gloves
Will     .....                  (no boots)
Stlth    +.........             g - amulet of regeneration
HPRegen  1.22/turn              (no ring)
MPRegen  0.15/turn              (no ring)

@: resistant, hasted, very quick
A: breathe lightning, AC +7, unfitting armour, electricity resistance,
cold-blooded
a: Breathe Lightning, Renounce Religion, Potion Petition, Call Merchant, Bribe
Branch


You were in a bailey.
You worshipped Gozag.
Gozag was pleased with you.
You visited 1 branch of the dungeon, and saw 8 of its levels.
You also visited: Bailey.

You collected 1349 gold pieces.
You spent 40 gold pieces at shops.
You paid 697 gold pieces to Gozag.

Inventory:

Missiles
 b - 3 throwing nets (quivered)
Armour
 a - a +1 hat (worn)
 c - a +0 pair of gloves (worn)
 n - a +1 cloak (worn)
Jewellery
 g - an amulet of regeneration (around neck)
Wands
 d - a wand of iceblast (9)
 l - a wand of polymorph (13)
Scrolls
 f - 2 scrolls of identify
 h - a scroll of teleportation
 m - a scroll of enchant weapon
 o - a scroll of magic mapping
Potions
 e - a potion of cancellation
 i - 3 potions of curing
 k - a potion of might
 p - a potion of heal wounds


   Skills:
 - Level 2.1 Fighting
 - Level 1.7 Throwing
 - Level 2.6 Dodging
 - Level 0.2 Stealth
 * Level 12.4 Unarmed Combat
 - Level 4.0 Spellcasting
 + Level 5.4 Hexes
 + Level 4.5 Translocations


You had 11 spell levels left.
You knew the following spells:

 Your Spells              Type           Power      Damage    Failure   Level
a - Confusing Touch       Hex            14%        N/A       8%          3
b - Gell's Gravitas       Tloc           6%         N/A       11%         3

Your spell library contained the following spells:

 Spells                   Type           Power      Damage    Failure   Level
 Slow                     Hex            14%        N/A       3%          2
 Portal Projectile        Hex/Tloc       26%        N/A       10%         3
 Lesser Beckoning         Tloc           6%         N/A       11%         3
 Teleport Other           Tloc           12%        N/A       11%         3
 Call Canine Familiar     Summ           2%         N/A       56%         3
 Leda's Liquefaction      Hex/Erth       4%         N/A       61%         4
 Yara's Violent Unravell  Hex/Tmut       4%         3d4       91%         5


Dungeon Overview and Level Annotations

Branches:
Dungeon (8/15)             Bailey (1/1)
 Temple: D:4-7         Lair: D:8-11

Altars:
Dithmenos
Fedhas
Gozag
Ru
Uskayaw
Yredelemnul

Shops:
D:2 !

Annotations:
D:3 Edmund
D:4 Pikel


Innate Abilities, Weirdness & Mutations

You can breathe wild blasts of lightning.
Your glossy black scales are hard. (AC +7)
You cannot fit into any form of body armour.
You are resistant to electric shocks. (rElec)
You are cold-blooded and may be slowed by cold attacks.


Message History

The orc knight is heavily wounded.
The orc knight barely misses you.
You barely miss the orc knight.
You tail-slap the orc knight, but do no damage.
The orc knight is heavily wounded.
You barely miss the orc knight.
The orc knight is heavily wounded.
The orc knight barely misses you.
You closely miss the orc knight.
The orc knight is heavily wounded.
The orc knight hits you with a +0 war axe.
You hit the orc knight.
The orc knight is severely wounded.
You closely miss the orc knight.
The orc knight is severely wounded.
The orc knight hits you with a +0 war axe.
You barely miss the orc knight. Your punch misses the orc knight.
The orc knight is severely wounded.
You closely miss the orc knight.
The orc knight is severely wounded.
The orc knight hits you with a +0 war axe!
You punch the orc knight!
The orc knight is severely wounded.
You closely miss the orc knight.
The orc knight is severely wounded.
The orc knight hits you with a +0 war axe!
* * * LOW HITPOINT WARNING * * *
You miss the orc knight.
The orc knight is severely wounded.
You hit the orc knight.
Your tail-slap misses the orc knight.
The orc knight is severely wounded.
The orc knight hits you with a +0 war axe!!
* * * LOW HITPOINT WARNING * * *
You closely miss the orc knight.
The orc knight is severely wounded.
You barely miss the orc knight.
The orc knight is severely wounded.
The orc knight hits you with a +0 war axe!
You die...
Your body crumbles into a pile of gold.

##...))..$.##
#...).....#
##..)....##
#....o..#
##..$..##
♣♣##')'##♣♣
♣.))...)).♣
♣♣♣))...$).♣
♣.....∩..o@♣
♣..........♣
♣♣....∩....♣♣
♣...)).....♣
♣........♣♣♣
♣♣♣.♣♣.♣♣♣
♣♣♣♣♣♣


You could see an orc knight.

Vanquished Creatures
  An orc knight (Bailey)
  Psyche (D:8)
  Grinder (D:4)
  Sigmund (D:3)
  A wraith (D:6)
  Menkaure (D:4)
  Duvessa (D:6)
  A water moccasin (D:6)
  8 orc warriors
  3 ice beasts
  A hornet zombie (D:6)
  4 black bears
  3 necrophages
  2 ogres (D:5)
  A centaur (D:6)
  3 lemures (D:4)
  2 phantoms
  A kobold brigand (D:8)
  A bullfrog (D:7)
  A gnoll sergeant (D:7)
  A wyvern zombie (D:6)
  A water moccasin zombie (D:5)
  A scorpion (D:5)
  A wyvern skeleton (D:7)
  Dowan (D:6)
  4 wights (D:6)
  A bullfrog zombie (D:5)
  A centaur skeleton (D:4)
  3 hounds
  3 orc priests
  Crazy Yiuf (D:6)
  A bullfrog skeleton (D:5)
  An iguana (D:5)
  5 orc wizards
  A hound zombie (D:5)
  13 gnolls
  8 adders
  2 shadow imps
  An adder skeleton (D:4)
  3 worms
  3 dart slugs
  29 orcs
  6 bats
  8 endoplasms
  24 goblins
  8 hobgoblins
  4 quokkas
  8 ball pythons
  6 frilled lizards
  12 kobolds
  5 rats
  A spectral hobgoblin (D:1)
205 creatures vanquished.

Vanquished Creatures (others)
  A fungus (D:6)
  8 plants
9 creatures vanquished.

Grand Total: 214 creatures vanquished

Notes
Turn   | Place    | Note
-------+----------+-------------------------------------------
     0 | D:1      | pkoi the Draconian Gladiator began the quest for the Orb.
     0 | D:1      | Reached XP level 1. HP: 17/17 MP: 1/1
   474 | D:1      | Reached XP level 2. HP: 19/24 MP: 2/2
   653 | D:1      | Found a faded altar of an unknown god.
   670 | D:1      | Reached skill level 4 in Unarmed Combat
  1095 | D:2      | Reached XP level 3. HP: 28/29 MP: 3/3
  1336 | D:2      | Noticed a necrophage
  1349 | D:2      | Killed a necrophage
  1350 | D:2      | Reached skill level 5 in Unarmed Combat
  1350 | D:2      | Reached XP level 4. HP: 35/36 MP: 4/4
  1520 | D:2      | Reached XP level 5. HP: 41/41 MP: 5/5
  1693 | D:2      | Found Dagops's Distillery.
  1711 | D:2      | Bought a potion of degeneration for 10 gold pieces
  1711 | D:2      | Bought a potion of curing for 30 gold pieces
  2134 | D:3      | Reached skill level 6 in Unarmed Combat
  2271 | D:3      | Noticed Sigmund
  2281 | D:3      | Killed Sigmund
  2282 | D:3      | Reached skill level 7 in Unarmed Combat
  2282 | D:3      | Reached XP level 6. HP: 36/48 MP: 6/6
  2583 | D:3      | Found an opulent altar of Gozag.
  2615 | D:3      | Became a worshipper of Gozag Ym Sagoz the Greedy
  3149 | D:4      | Noticed Edmund
  3223 | D:4      | Noticed Grinder
  3246 | D:4      | Reached skill level 8 in Unarmed Combat
  3246 | D:4      | Your scales start taking on a glossy black colour.
  3246 | D:4      | Reached XP level 7. HP: 39/55 MP: 7/7
  3246 | D:4      | Gained mutation: You are resistant to electric shocks.
                  | (rElec) [Black Draconian growth]
  3319 | D:4      | Killed Grinder
  3320 | D:4      | Reached skill level 9 in Unarmed Combat
  3433 | D:4      | Learned a level 3 spell: Confusing Touch
  3453 | D:4      | Noticed Menkaure
  3459 | D:4      | Killed Menkaure
  3460 | D:4      | Reached XP level 8. HP: 43/61 MP: 7/9
  3464 | D:4      | Reached skill level 1 in Spellcasting
  3464 | D:4      | Reached skill level 1 in Hexes
  3707 | D:4      | Found a shadowy altar of Dithmenos.
  3770 | D:4      | Noticed Pikel
  3789 | D:4      | Found a hide-covered altar of Uskayaw.
  3886 | D:5      | Entered Level 5 of the Dungeon
  4030 | D:5      | Reached skill level 10 in Unarmed Combat
  4386 | D:5      | Found a sacrificial altar of Ru.
  4762 | D:6      | Reached XP level 9. HP: 51/67 MP: 13/13
  4792 | D:6      | Learned a level 3 spell: Gell's Gravitas
  4794 | D:6      | Found a blossoming altar of Fedhas.
  4800 | D:6      | Found a basalt altar of Yredelemnul.
  4833 | D:6      | Noticed Duvessa
  4834 | D:6      | Noticed Dowan
  4847 | D:6      | Killed Dowan
  4852 | D:6      | Killed Duvessa
  4897 | D:6      | Reached skill level 11 in Unarmed Combat
  4903 | D:6      | Reached skill level 1 in Translocations
  5477 | D:6      | Found a runed translucent door.
  5478 | D:6      | Noticed Crazy Yiuf
  5817 | D:6      | Killed Crazy Yiuf
  6768 | D:8      | Noticed Psyche
  6780 | D:8      | Killed Psyche
  6781 | D:8      | Reached skill level 12 in Unarmed Combat
  6781 | D:8      | Reached XP level 10. HP: 41/73 MP: 13/16
  7128 | D:8      | Found a flagged portal.
  7144 | Bailey   | Entered a bailey
  7308 | Bailey   | Noticed an orc knight
  7341 | Bailey   | Reached skill level 5 in Hexes
  7447 | Bailey   | Killed an orc knight
  7624 | Bailey   | Noticed an orc knight
  7657 | Bailey   | Slain by an orc knight

Illustrated notes

Levels and vault maps discovered:
D:1:      amcnicky_arrival_gap_in_the_tavern_cellar, layout_basic,
          dreamdust_ecumenical_altar_drowned_temple, serial_bayou_lake_a
D:2:      layout_loops_corners, serial_forest, infiniplex_forest_end_2,
          infiniplex_forest_straight_1, infiniplex_forest_clump_medium,
          infiniplex_forest_lined_room_3, infiniplex_forest_pool, serial_shops,
          nicolae_shop_temple_entry_statues_fountains
D:3:      wad_pebble_path, layout_loops_cross, grunt_gozag_statues,
          grunt_decor_resistance, chequers_serial_rivers_marsh,
          amcnicky_mini_corridor_feature, uniq_sigmund
D:4:      layout_loops_ring, lemuel_tele_altar, grunt_dithmenos_smoke,
          minmay_temple_entry_from_below_a, uniq_menkaure, uniq_grinder,
          uniq_pikel, uniq_edmund
D:5:      layout_basic, overflow_temple_1_default, wad_floor_pattern_untrapped,
          grunt_tough_drop
D:6:      layout_gridville, grunt_temple_overflow_open, minmay_microvault,
          uniq_duvessa, uniq_crazy_yiuf_cottage
D:7:      layout_basic, chequers_arboretum, kennysheep_generic_room_7
D:8:      layout_gridville, led_xom_imps, enter_bailey_3,
          nicolae_zen_rock_garden, uniq_psyche, uniq_harold
Bailey:   bailey_axe_minmay_hex_keep, bailey

Skill      XL: |  1  2  3  4  5  6  7  8  9 10 |
---------------+-------------------------------+-----
Unarmed Combat | 4 5 7 8 9 10 12 | 12.4
Spellcasting   | 3 4 |  4.0
Hexes          | 3 4 5 |  5.4
Translocations | 3 4 |  4.5
Fighting       | |  2.1
Throwing       | |  1.7
Dodging        | |  2.6
Stealth        | |  0.2

Action                   |  1- 3 |  4- 6 |  7- 9 | 10-12 || total
-------------------------+-------+-------+-------+-------++-------
Melee: Unarmed           |   107 |   121 |   364 |   183 ||   775
       Tailslap          |     9 |    18 |    40 |    20 ||    87
       Punch             |     3 |     1 |    23 |     7 ||    34
 Cast: Confusing Touch   |       |       |     1 |       ||     1
Invok: Potion Petition   |       |       |       |     2 ||     2
 Abil: Breathe Lightning |       |       |     9 |       ||     9
  Use: Scroll            |     1 |     3 |     5 |     5 ||    14
       Potion            |       |       |     4 |       ||     4
 Stab: Sleeping          |       |     3 |       |       ||     3
       Confused          |       |       |     1 |       ||     1
Armor: Skin              |    41 |    35 |   104 |    52 ||   232
Dodge: Dodged            |    66 |    63 |   157 |    91 ||   377
